 Dungeon Crawl Stone Soup version 0.19.1-1-g22dce08 (webtiles) character file.

331 theAP the Magician (level 6, -3/41 HPs)
             Began as a Mummy Wizard on Jan 3, 2017.
             Slain by an orc
             ... wielding a +0 trident
              (5 damage)
             ... on level 4 of the Dungeon.
             The game lasted 00:10:48 (3340 turns).

theAP the Magician (Mummy Wizard)                   Turns: 3340, Time: 00:10:49

Health: -3/41      AC:  8    Str: 12    XL:     6   Next: 26%
Magic:  0/12       EV: 11    Int: 23    God:
Gold:   187        SH:  0    Dex: 10    Spells: 2 memorised, 11 levels left

rFire  x . .     SeeInvis .     e - +0 mace
rCold  + . .     Gourm    .     g - +1 ring mail
rNeg   + + +     Faith    +     (no shield)
rPois  ∞         Spirit   .     b - +0 hat
rElec  .         Reflect  .     p - +1 cloak
rCorr  .         Harm     .     (no gloves)
MR     .....                    (no boots)
Stlth  +.........               d - amulet of faith
                                o - +3 ring of intelligence
                                m - +2 ring of strength

@: very slightly contaminated
A: no food or potions, fire vulnerability, cold resistance 1, negative energy
resistance 3, torment resistance, unbreathing
a: no special abilities


You were on level 4 of the Dungeon.
You were not hungry.

You visited 1 branch of the dungeon, and saw 4 of its levels.

You collected 187 gold pieces.

Inventory:

Hand Weapons
 e - a +0 mace (weapon)
 n - a +0 whip
Armour
 a - a +0 robe
 b - a +0 hat (worn)
 g - a +1 ring mail (worn)
 p - a +1 cloak (worn)
Jewellery
 d - an amulet of faith (around neck)
 k - an uncursed amulet of faith
 m - a +2 ring of strength (left hand)
 o - a +3 ring of intelligence (right hand)
 s - an uncursed amulet of harm {unknown}
Wands
 q - a wand of digging (5/24)
 r - a wand of hasting (4/9)
Scrolls
 f - 2 scrolls of remove curse
 h - a scroll of random uselessness
 i - 4 scrolls of identify
 l - 2 scrolls of teleportation
Books
 c - a book of Minor Magic

   Spells                             Type                      Level
   a - Magic Dart                     Conjuration                  1
   b - Blink                          Translocation                2
   c - Call Imp                       Summoning                    2
   d - Repel Missiles                 Charms/Air                   2
   e - Slow                           Hexes                        2
   f - Conjure Flame                  Conjuration/Fire             3
   g - Mephitic Cloud                 Conjuration/Poison/Air       3


   Skills:
 + Level 2.5 Maces & Flails
 - Level 2.4 Dodging
 - Level 1.6 Stealth
 + Level 4.5 Spellcasting
 + Level 2.6 Conjurations
   Level 0.7 Summonings
 - Level 0.7 Translocations


You had 11 spell levels left.
You knew the following spells:

 Your Spells              Type           Power        Failure   Level  Hunger
a - Magic Dart            Conj           ###.         10%         1    N/A
b - Blink                 Tloc           N/A          30%         2    N/A

Dungeon Overview and Level Annotations

Branches:
Dungeon (4/15)
 Temple: D:4-7

Altars:
Ru
Yredelemnul


Innate Abilities, Weirdness & Mutations

You do not eat or drink.
Your flesh is vulnerable to fire.
You are immune to poison.
Your flesh is cold resistant. (rC+)
You are immune to negative energy. (rN+++)
You are immune to unholy pain and torment.
You can survive without breathing.


Message History

Press: ? - help, Shift-Dir - straight line, f/p - orc
Aim: an orc, wielding an enchanted dagger (moderately wounded)
The magic dart hits the orc.
The orc is almost dead.
Casting: Magic Dart
Confirm with . or Enter, or press ? or * to list all spells.
Aiming: Magic Dart
Press: ? - help, Shift-Dir - straight line, f/p - orc
Aim: an orc, wielding an enchanted dagger (almost dead)
The magic dart hits the orc.
You kill the orc!
The orc misses you.
Casting: Magic Dart
Confirm with . or Enter, or press ? or * to list all spells.
Aiming: Magic Dart
Press: ? - help, Shift-Dir - straight line, f - orc
Aim: an orc, wielding a trident and wearing a scale mail The magic dart hits the orc.
The orc hits you from afar with a trident.
You die...

...#..## ......#######
##...)......#
............# #####
..%.........### #...#
..............###...##
#...........).o.#....#
##..........#..).....#
##.........####@...##
##......o.# ###...#
###......# #..##
##.....# #..# #.#...#
#### #.##.#


You could see an orc.

Vanquished Creatures
  A howler monkey (D:4)
  2 hounds (D:4)
  2 orc wizards
  2 hound skeletons (D:4)
  11 adders
  An ooze (D:4)
  A leopard gecko (D:2)
  2 orcs (D:4)
  3 ball pythons
  2 giant cockroaches
  6 goblins
  5 hobgoblins
  3 jackals (D:4)
  4 kobolds
  4 bats
  2 frilled lizards
  6 rats
  A spectral orc (D:2)
58 creatures vanquished.

Notes
Turn   | Place    | Note
-------+----------+-------------------------------------------
     0 | D:1      | theAP the Mummy Wizard began the quest for the Orb.
     0 | D:1      | Reached XP level 1. HP: 13/13 MP: 4/4
   114 | D:1      | Reached skill level 1 in Conjurations
   615 | D:1      | Reached XP level 2. HP: 15/19 MP: 6/6
  1008 | D:2      | Found a sacrificial altar of Ru.
  1041 | D:2      | Reached skill level 1 in Maces & Flails
  1053 | D:2      | Reached XP level 3. HP: 11/24 MP: 0/7
  1121 | D:2      | Learned a level 2 spell: Blink
  1378 | D:2      | Found a basalt altar of Yredelemnul.
  1461 | D:2      | Reached XP level 4. HP: 25/30 MP: 9/9
  2557 | D:3      | Reached XP level 5. HP: 35/35 MP: 5/10
  2901 | D:4      | Reached skill level 4 in Spellcasting
  3317 | D:4      | Reached XP level 6. HP: 41/41 MP: 5/12
  3335 | D:4      | HP: 1/41 [orc/enchanted dagger (2)]
  3340 | D:4      | Slain by an orc

Skill      XL: |  1  2  3  4  5 |
---------------+----------------+-----
Conjurations   | 1 2 |  2.6
Maces & Flails | 1 2 |  2.5
Dodging        | 2 |  2.4
Spellcasting   | 4 |  4.5
Stealth        | |  1.6
Summonings     | |  0.7
Translocations | |  0.7

Action                   |  1- 3 |  4- 6 || total
-------------------------+-------+-------++-------
Melee: Mace              |    78 |   133 ||   211
       Unarmed           |     5 |       ||     5
 Cast: Magic Dart        |    29 |    79 ||   108
       Blink             |       |     1 ||     1
  Use: Scroll            |     3 |     3 ||     6
Armor: Ring mail         |    35 |    79 ||   114
Dodge: Dodged            |    57 |   115 ||   172
